AoeStats
← 从不压堡之人

Arena

510360149Analyzed
4v4 RM · 1d ago on Sep 30, 2026· 41m 47s· 8 players
Game mode
Random Map
Map size
Large (8 player)
Population
200
Speed
Normal
Resources
Standard
Victory
Conquest
Starting age
Dark Age
Ending age
Imperial Age
RankedLock teamsTeams togetherTeam positionsShared explorationLock speedFull tech treeHidden civsTurbo modeCheats
Victory
Defeat
🇨🇳 Slavs · China
1051
+12
🇨🇳 Bohemians · China
1027
+13
🇨🇳 Spanish · China
1026
+13
984
+16
🇺🇾 Vikings · Uruguay
987
-14
🇮🇳 Celts · India
980
-14
🇮🇳 Bohemians · India
954
-13
🇺🇸 Persians · United States
952
-39
run and gun
11:04 Feudal Age
12:04 Loom
15:45 Castle Age
14:53 Double-Bit Axe
14:53 Horse Collar
22:21 Man-at-Arms
26:05 Redemption
26:10 Devotion
28:32 Light Cavalry
36:16 Heavy Plow
38:18 Wheelbarrow
38:07 Bow Saw
dushyanthkuthati
0:42 Loom
13:16 Feudal Age
14:35 Wheelbarrow
13:47 Horse Collar
19:05 Castle Age
17:54 Gold Mining
17:50 Double-Bit Axe
20:42 Hand Cart
20:39 Bow Saw
21:07 Gold Shaft Mining
32:37 Imperial Age
Pugsy
10:34 Feudal Age
16:17 Castle Age
16:53 Wheelbarrow
19:38 Double-Bit Axe
22:55 Hand Cart
23:01 Loom
28:05 Crossbowman
32:38 Imperial Age
30:27 Town Watch
30:55 Thumb Ring
30:52 Fletching
31:03 Padded Archer Armor
32:39 Bodkin Arrow
33:00 Leather Archer Armor
33:35 Caravan
33:45 Kamandaran
34:06 Conscription
34:24 Bow Saw
35:33 Ring Archer Armor
36:07 Elite War Elephant
36:39 Heavy Scorpion
37:49 Elite Skirmisher
39:34 Citadels
[sAnCoNo] Dr_SaLadoMaL
11:07 Feudal Age
15:13 Castle Age
13:44 Double-Bit Axe
13:40 Horse Collar
14:48 Gold Mining
15:03 Stone Mining
16:33 Bow Saw
16:23 Heavy Plow
16:30 Loom
20:17 Town Watch
24:52 Gold Shaft Mining
28:22 Imperial Age
28:42 Bow Saw
28:23 Fletching
29:36 Scale Mail Armor
29:32 Bodkin Arrow
29:50 Forging
29:17 Pikeman
30:12 Murder Holes
31:18 Chemistry
从不压堡之人
11:16 Feudal Age
14:45 Castle Age
12:52 Double-Bit Axe
13:20 Horse Collar
14:57 Wheelbarrow
16:22 Bow Saw
18:43 Loom
21:06 Heavy Plow
21:48 Town Watch
25:14 Atonement
25:47 Gold Mining
25:48 Stone Mining
27:39 Hand Cart
31:09 Imperial Age
29:22 Fletching
29:38 Scale Barding Armor
29:41 Inquisition
30:19 Stone Shaft Mining
30:13 Ballistics
30:27 Sanctity
30:18 Fervor
30:18 Redemption
30:18 Fervor
30:18 Redemption
30:14 Caravan
30:37 Bodkin Arrow
31:02 Chain Barding Armor
31:07 Murder Holes
31:02 Guard Tower
31:07 Murder Holes
31:22 Masonry
32:10 Guilds
32:58 Theocracy
32:38 Block Printing
32:48 Illumination
33:42 Chemistry
33:07 Bracer
33:43 Plate Barding Armor
33:46 Husbandry
33:56 Bloodlines
33:49 Padded Archer Armor
33:56 Arrowslits
40:04 Supremacy
40:05 Conscription
39:15 Sappers
41:12 Leather Archer Armor
40:58 Scale Mail Armor
42:23 Keep
42:08 Bombard Tower
42:19 Architecture
42:00 Fortified Wall
洗心革面重新做人TownYan
11:22 Feudal Age
12:07 Double-Bit Axe
15:05 Castle Age
13:14 Horse Collar
16:22 Wheelbarrow
21:19 Stone Mining
21:51 Loom
23:51 Hand Cart
23:24 Town Watch
24:09 Gold Mining
24:54 Bow Saw
29:15 Imperial Age
27:15 Heavy Plow
28:15 Gold Shaft Mining
28:28 Scale Barding Armor
28:34 Forging
29:08 Husbandry
29:42 Chain Barding Armor
29:54 Masonry
30:39 Iron Casting
30:15 Bloodlines
31:28 Chemistry
31:48 Two-Man Saw
31:19 Crop Rotation
31:19 Elite War Elephant
31:29 Sappers
32:24 Conscription
32:56 Architecture
33:04 Plate Barding Armor
35:24 Caravan
35:35 Guilds
42:13 Devotion
四月
10:24 Feudal Age
10:09 Loom
11:35 Double-Bit Axe
14:28 Castle Age
12:49 Horse Collar
17:39 Fervor
21:02 Sanctity
21:37 Redemption
29:03 Wheelbarrow
31:47 Imperial Age
31:47 Hand Cart
32:23 Bow Saw
34:54 Wagenburg Tactics
35:56 Chemistry
35:18 Fervor
35:28 Block Printing
35:32 Elite Hussite Wagon
36:48 Illumination
36:59 Theocracy
37:37 Conscription
39:18 Caravan
39:36 Town Watch
39:47 Fletching
40:05 Siege Engineers
40:40 Heavy Plow
40:12 Houfnice
41:36 Bodkin Arrow
42:05 Ballistics
41:55 Masonry
42:05 Ballistics
41:55 Masonry
老徐
10:21 Feudal Age
14:30 Castle Age
13:02 Double-Bit Axe
13:36 Horse Collar
16:21 Bow Saw
21:16 Heavy Plow
21:23 Stone Mining
23:33 Gold Mining
25:41 Gold Shaft Mining
27:34 Wheelbarrow
26:44 Loom
30:29 Imperial Age
28:29 Scale Barding Armor
28:34 Forging
28:37 Detinets
28:50 Forging
28:54 Bloodlines
28:44 Husbandry
28:51 Husbandry
30:08 Chain Barding Armor
30:06 Hand Cart
30:31 Capped Ram
31:34 Conscription
30:34 Elite Boyar
33:08 Two-Man Saw
32:45 Plate Barding Armor
32:45 Iron Casting
32:04 Siege Ram
33:49 Crop Rotation
35:43 Blast Furnace
34:12 Light Cavalry
34:53 Squires
34:14 Pikeman
35:15 Scale Mail Armor
35:40 Fletching
36:51 Halberdier
37:33 Druzhina
38:10 Hoardings
38:38 Chain Mail Armor
38:19 Bodkin Arrow
38:26 Caravan
38:56 Coinage
39:07 Sanctity
38:57 Redemption
38:48 Devotion
39:13 Illumination
38:49 Atonement
39:04 Block Printing
38:46 Herbal Medicine
38:59 Padded Archer Armor
39:02 Bodkin Arrow
39:32 Redemption
41:07 Plate Mail Armor
40:21 Man-at-Arms
Connection lost

Rejoining the realm…

Still unreachable

The connection could not be restored.

Session expired

The server has moved on; the page needs a fresh start.